 Dungeon Crawl Stone Soup version 0.25.1-2-g60ff931df9 (webtiles) character file.

Game seed: 12696065709180336022

419 DogServant the Cudgeler (level 6, -3/51 HPs)
             Began as a Demonspawn Gladiator on Nov 8, 2020.
             Killed by nerve-wracking pain
             ... invoked by Grinder
              (9 damage)
             ... on level 4 of the Dungeon.
             The game lasted 00:03:24 (3090 turns).

DogServant the Cudgeler (Demonspawn Gladiator)      Turns: 3090, Time: 00:03:25

Health: -3/51      AC:  6    Str: 17    XL:     6   Next: 62%
Magic:  6/6        EV: 12    Int:  9    God:
Gold:   164        SH:  0    Dex: 14    Spells: 5/5 levels left

rFire    . . .     SeeInvis .   p - +4 mace
rCold    . . .     Gourm    .   (no shield)
rNeg     . . .     Faith    .   m - +0 ring mail
rPois    .         Spirit   .   (helmet restricted)
rElec    .         Reflect  .   (no cloak)
rCorr    .         Harm     .   (no gloves)
MR       .....                  k - +0 pair of boots
Stlth    +.........             (no amulet)
HPRegen  0.17/turn              (no ring)
MPRegen  0.10/turn              (no ring)

@: no status effects
A: claws 2, horns 1
a: no special abilities


You were on level 4 of the Dungeon.
You were hungry.

You visited 1 branch of the dungeon, and saw 4 of its levels.

You collected 164 gold pieces.

Inventory:

Hand Weapons
 a - a +2 antimagic flail
 p - a +4 mace (weapon)
Missiles
 l - 37 poisoned darts (quivered)
 t - 8 curare-tipped darts
Armour
 c - a +0 chain mail
 k - a +0 pair of boots (worn)
 m - a +0 ring mail (worn)
Scrolls
 b - a scroll of immolation {unknown}
 e - 4 scrolls of identify {unknown}
 i - a scroll of noise {unknown}
 j - a scroll of enchant armour {unknown}
 n - 3 scrolls of remove curse {unknown}
 o - 4 scrolls of fog {unknown}
 q - a scroll of teleportation
 s - a scroll of blinking {unknown}
Potions
 g - 4 potions of degeneration {unknown}
 h - a potion of flight {unknown}
 u - a potion of haste {unknown}
 v - a potion of lignification {unknown}
Comestibles
 f - 12 rations


   Skills:
 + Level 5.2 Fighting
 + Level 5.2 Maces & Flails
 - Level 1.7 Throwing
 - Level 2.6 Dodging


You had 5 spell levels left.
You didn't know any spells.
Your spell library contained the following spells:

 Spells                   Type           Power        Failure   Level  Hunger
 Confusing Touch          Hex            #.......     92%         3    ####...
 Gell's Gravitas          Tloc           #.........   92%         3    ####...
 Petrify                  Tmut/Erth      #.......     100%        4    #####..
 Metabolic Englaciation   Hex/Ice        #.........   100%        5    ######.
 Yara's Violent Unravell  Hex/Tmut       #.........   100%        5    ######.


Dungeon Overview and Level Annotations

Branches:
Dungeon (4/15)
 Temple: D:4-7

Altars:
Kikubaaqudgha

Annotations:
D:4 Grinder


Innate Abilities, Weirdness & Mutations

You have very sharp fingernails.
You have a pair of small horns on your head.


Message History

Grinder hits you but does no damage. Grinder hits you.
* * * LOW HITPOINT WARNING * * *
You writhe in agony.
* * * LOW HITPOINT WARNING * * *
You can move again.
Okay, then.
Throwing (i - inventory. (/) - cycle)
d - 2 throwing nets (quivered)
Press: ? - help, Shift-Dir - straight line, f - Grinder
Aim: Grinder (lightly wounded)
You throw a throwing net. The throwing net barely misses Grinder.
Throwing (i - inventory. (/) - cycle)
d - a throwing net (quivered)
Press: ? - help, Shift-Dir - straight line, f/p - Grinder
Aim: Grinder (lightly wounded)
You throw a throwing net. The throwing net hits Grinder.
Grinder is caught in the net!
Grinder is lightly wounded.
Grinder gestures at you. Pain shoots through your body!
You die...

## ##.### ...(.###
###### ##..)...##
###....###.........
###......##o.........
#....<...##5#.....ยง..
#...........@###.......
#.............# o......
#.^....).......#
#.oo...
#..............# ......
#..............# ......
##..............#
#..... ..............#
............#
.........#


You could see Grinder (caught) and an orc.

Vanquished Creatures
  Sigmund (D:2)
  A centaur skeleton (D:4)
  3 orc priests
  2 orc wizards
  2 adders
  A worm (D:3)
  4 leopard geckos
  8 orcs (D:3)
  8 bats
  3 giant cockroaches
  4 goblins
  3 hobgoblins
  4 jackals (D:2)
  2 quokkas (D:2)
  A ball python (D:2)
  2 frilled lizards (D:3)
  4 kobolds
  6 rats
59 creatures vanquished.

Notes
Turn   | Place    | Note
-------+----------+-------------------------------------------
     0 | D:1      | DogServant the Demonspawn Gladiator began the quest for the
                  | Orb.
     0 | D:1      | Reached XP level 1. HP: 16/16 MP: 1/1
   658 | D:1      | Gained mutation: You have a pair of small horns on your
                  | head. [demonic ancestry]
   658 | D:1      | Reached XP level 2. HP: 23/23 MP: 2/2
  1131 | D:2      | Noticed Sigmund
  1147 | D:2      | Killed Sigmund
  1147 | D:2      | Gained mutation: You have sharp fingernails. [demonic
                  | ancestry]
  1147 | D:2      | Reached XP level 3. HP: 9/30 MP: 3/3
  1147 | D:2      | Reached XP level 4. HP: 11/37 MP: 4/4
  1147 | D:2      | Reached XP level 5. HP: 12/42 MP: 5/5
  1825 | D:3      | Found a faded altar of an unknown god.
  2048 | D:3      | Found an ancient bone altar of Kikubaaqudgha.
  2186 | D:3      | Gained mutation: You have very sharp fingernails. [demonic
                  | ancestry]
  2186 | D:3      | Reached XP level 6. HP: 7/49 MP: 6/6
  3065 | D:4      | Noticed Grinder
  3077 | D:4      | Reached skill level 5 in Fighting
  3077 | D:4      | Reached skill level 5 in Maces & Flails
  3084 | D:4      | Paralysed by Grinder for 5 turns
  3090 | D:4      | Killed from afar by Grinder

Illustrated notes

Levels and vault maps discovered:
D:1:      ebering_trefoil_twist, layout_basic
D:2:      layout_rooms, first_ration, uniq_sigmund
D:3:      layout_loops_ring, kiku_gazebo_pond_becter,
          chequers_ecumenical_altar_simple_redux
D:4:      layout_cave_pods, uniq_eustachio, uniq_edmund, uniq_grinder

Skill      XL: |  1  2  3  4  5  6 |
---------------+-------------------+-----
Maces & Flails | 3 4 5 |  5.2
Fighting       | 4 5 |  5.2
Throwing       | |  1.7
Dodging        | |  2.6

Action                   |  1- 3 |  4- 6 || total
-------------------------+-------+-------++-------
Melee: Flail             |    50 |    73 ||   123
       Headbutt          |     4 |    17 ||    21
       Mace              |       |    29 ||    29
Throw: Throwing net      |     2 |     2 ||     4
  Use: Scroll            |     1 |       ||     1
 Stab: Held in net/web   |     2 |       ||     2
  Eat: Chunk             |       |     6 ||     6
Armor: Leather armour    |    33 |    23 ||    56
       Ring mail         |       |     7 ||     7
Dodge: Dodged            |    36 |    71 ||   107
